 Dungeon Crawl Stone Soup version 0.15.2 (webtiles) character file.

587 HiobMontag the Ruffian (level 7, -9/61 HPs)
             Began as a Minotaur Monk on Jan 20, 2015.
             Was a Priest of Nemelex Xobeh.
             Mangled by an ogre
             ... wielding a +0 giant spiked club
              (15 damage)
             ... on Level 5 of the Dungeon on Mar 28, 2015.
             The game lasted 00:32:57 (4197 turns).

HiobMontag the Ruffian (Minotaur Monk)              Turns: 4197, Time: 00:32:57

HP  -9/61        AC 10     Str 17      XL: 7   Next: 15%
MP   1/5         EV  6     Int  7      God: Nemelex Xobeh [***...]
Gold 254         SH  0     Dex 15      Spells:  0 memorised,  6 levels left

rFire  . . .     SeeInvis .     y - +8 short sword of War {pain, MR+}
rCold  . . .     Clarity  .     m - +0 chain mail
rNeg   . . .     rCorr    .     (no shield)
rPois  .         rRot     .     (helmet restricted)
rElec  .         Spirit   .     (no cloak)
SustAb +         Warding  .     (no gloves)
rMut   .         Stasis   .     f - +0 pair of boots
Gourm  .                        (no amulet)
MR     +....                    x - ring of sustain abilities
                                c - +2 ring of dexterity

@: swift, about to teleport, flying (expiring), very slightly contaminated,
hasted, very quick, somewhat resistant to hostile enchantments, extremely
unstealthy
A: retaliatory headbutt, horns 2
a: Draw One, Peek at Two, Triple Draw, Renounce Religion


You were on level 5 of the Dungeon.
You worshipped Nemelex Xobeh.
Nemelex Xobeh was most pleased with you.
You were hungry.

You visited 1 branch of the dungeon, and saw 5 of its levels.

You collected 254 gold pieces.

Inventory:

Hand weapons
 j - a +0 short sword of venom
 s - a +0 blowgun
 t - a +0 dagger of draining
 y - the +8 short sword of War (weapon) {pain, MR+}
   (You found it on level 4 of the Dungeon)

   In the hands of one skilled in necromantic magic, it inflicts extra damage on
   living creatures.
   It affects your resistance to hostile enchantments.
 F - a +1 short sword of speed
Missiles
 o - 5 needles of sleeping
 r - 2 javelins (quivered)
 u - 37 poisoned needles
Armour
 a - a +0 robe
 f - a +0 pair of boots (worn)
 m - a +0 chain mail (worn)
Magical devices
 D - a wand of paralysis (12)
Comestibles
 b - 3 bread rations
 i - 4 royal jellies
 l - 2 slices of pizza
 q - a beef jerky
Scrolls
 e - a scroll of immolation
 n - a scroll of teleportation
 p - 3 scrolls of amnesia
 G - 2 scrolls of remove curse
Jewellery
 c - a +2 ring of dexterity (left hand)
 w - an uncursed ring of protection from cold {unknown}
 x - a ring of sustain abilities (right hand)
Potions
 g - 2 potions of curing
 v - 2 potions of brilliance
 A - a potion of might
 B - a potion of berserk rage {unknown}
 C - a potion of agility {unknown}
 H - a potion of restore abilities {unknown}
 I - 2 potions of invisibility {unknown}
Books
 h - a book of Maledictions

   Spells                             Type                      Level
   Corona                             Hexes                        1
   Sure Blade                         Hexes/Charms                 2
   Ensorcelled Hibernation            Hexes/Ice                    2
   Confuse                            Hexes                        3
   Dazzling Spray                     Conjuration/Hexes            3
   Enslavement                        Hexes                        4
Miscellaneous
 d - a legendary deck of war {drawn: 3}
 k - a plain deck of war {drawn: 5}
 z - a plain deck of war
 E - a legendary deck of war {drawn: 3}


   Skills:
 + Level 5.2 Fighting
 + Level 0.9 Short Blades
 + Level 3.6 Armour
 + Level 5.0 Dodging
 + Level 2.8 Stealth
 + Level 5.7 Unarmed Combat
 + Level 2.1 Evocations


You had 6 spell levels left.
You didn't know any spells.

Dungeon Overview and Level Annotations

Branches:
Dungeon (5/15)
 Temple: D:4-7

Altars:
Ashenzari
Nemelex Xobeh


Innate Abilities, Weirdness & Mutations

You reflexively headbutt those who attack you in melee.
You have a pair of horns on your head.


Message History

The vortex of raging winds lifts you up.
You fly up into the air.
A tornado forms.
You are standing in the rain.
You slash the twister! You headbutt the twister.
The twister is lightly damaged.
You are standing in the rain.
Really fly into that cloud of raging winds?
Okay, then.
You puncture the twister!
The twister is lightly damaged.
You are standing in the rain.
* * * LOW HITPOINT WARNING * * *
Read which item? (? for menu, Esc to quit)
As you read the scroll labeled BUIJEDYSSE, it crumbles to dust.
You feel strangely unstable.
It was a scroll of teleportation.
You are standing in the rain.
You are feeling hungry.
* * * LOW HITPOINT WARNING * * *
The ogre hits you with a giant spiked club!
You die...
Your body glows with a rainbow of weird colours and disappears.

#.### ....... # #...#
..... #. #...# ...
##.####...##.#.#
###...⌠.#.'##%⌠# .###
#........§§§...# ..#
#.#####.§§§§§.#####.## #
#...#§§§§§§§#...#..#.# #
#...§§§§§@§§§...#....#
#.#...#§§§vO§§#.....##.#
#.#####§§§§§§§§###..# #
#....#.§§§§§§§.#....#
#...⌠.##§##.⌠#..###
#########.##.#...#.##.#
.....[.%.....#...#....###
########.....#...#......$
###...##'##...#


You could see an ogre.

Vanquished Creatures
  A black bear (D:4)
  A sky beast (D:5)
  A scorpion (D:5)
  An orc wizard (D:4)
  A worker ant (D:5)
  Jessica (D:3)
  9 adders
  A gnoll (D:1)
  A giant mite (D:3)
  A shadow imp (D:5)
  2 worms (D:3)
  An adder skeleton (D:4)
  A giant gecko (D:4)
  18 orcs
  A bat skeleton (D:5)
  3 giant cockroaches
  5 hobgoblins
  4 jackals (D:3)
  A ball python (D:2)
  A ball python zombie (D:5)
  9 bats
  5 giant newts
  6 goblins
  9 kobolds
  An orc skeleton (D:4)
  2 quokkas
  5 rats
92 creatures vanquished.

Vanquished Creatures (collateral kills)
  A crimson imp (D:5)
  A hound (D:4)
  A worker ant (D:5)
  An adder (D:5)
  A shadow imp (D:5)
  A ball python (D:5)
6 creatures vanquished.

Vanquished Creatures (others)
  A dancing weapon (D:5)
1 creature vanquished.

Grand Total: 99 creatures vanquished

Notes
Turn   | Place    | Note
--------------------------------------------------------------
     0 | D:1      | HiobMontag, the Minotaur Monk, began the quest for the Orb.
     0 | D:1      | Reached XP level 1. HP: 19/19 MP: 1/1
   165 | D:1      | Reached XP level 2. HP: 27/27 MP: 1/1
   482 | D:2      | Reached XP level 3. HP: 25/33 MP: 2/2
   580 | D:2      | Found a sparkling altar of Nemelex Xobeh.
   665 | D:2      | Became a worshipper of Nemelex Xobeh the Trickster
   665 | D:2      | Received a gift from Nemelex Xobeh
   665 | D:2      | Acquired Nemelex Xobeh's first power
   665 | D:2      | Received a gift from Nemelex Xobeh
   665 | D:2      | Acquired Nemelex Xobeh's second power
   677 | D:2      | Reached skill level 5 in Unarmed Combat
   896 | D:3      | Received a gift from Nemelex Xobeh
   975 | D:3      | Reached XP level 4. HP: 36/40 MP: 1/2
  1884 | D:3      | Noticed Jessica
  1897 | D:3      | Killed Jessica
  2042 | D:3      | Reached XP level 5. HP: 42/47 MP: 2/2
  2513 | D:4      | Got a jewelled short sword
  2578 | D:4      | Received a gift from Nemelex Xobeh
  2585 | D:4      | Reached skill level 1 in Evocations
  2719 | D:4      | Reached skill level 1 in Armour
  2763 | D:4      | Identified the +8 short sword of War {pain, MR+} (You found it on level 4 of the Dungeon)
  2984 | D:4      | Received a gift from Nemelex Xobeh
  3131 | D:4      | Acquired Nemelex Xobeh's third power
  3442 | D:4      | Noticed a black bear
  3449 | D:4      | Killed a black bear
  3449 | D:4      | Reached XP level 6. HP: 44/55 MP: 1/4
  3491 | D:5      | Entered Level 5 of the Dungeon
  3536 | D:5      | Reached skill level 5 in Fighting
  3788 | D:5      | Received a gift from Nemelex Xobeh
  4087 | D:5      | Reached XP level 7. HP: 61/61 MP: 3/5
  4093 | D:5      | Found a shattered altar of Ashenzari.
  4155 | D:5      | Reached skill level 5 in Dodging
  4197 | D:5      | Mangled by an ogre

Action                   |  1- 3 |  4- 6 |  7- 9 || total
-------------------------+-------+-------+-------++-------
Melee: Unarmed           |    57 |   102 |       ||   159
       Short sword       |       |    71 |    12 ||    83
Throw: Javelin           |       |     5 |       ||     5
Invok: Draw One          |     3 |    16 |     3 ||    22
  Use: Scroll            |     5 |     4 |     1 ||    10
       Potion            |     1 |     8 |       ||     9
 Stab: Sleeping          |     3 |       |       ||     3
  Eat: Chunk             |       |     9 |     1 ||    10
